 Dungeon Crawl Stone Soup version 0.20-a0-993-gba41c3c (webtiles) character file.

60 winWinterter the Grave Robber (level 3, -3/26 HPs)
             Began as a Demonspawn Necromancer on Apr 11, 2017.
             Slain by a worm (10 damage)
             ... on level 2 of the Dungeon.
             The game lasted 00:03:12 (1724 turns).

winWinterter the Grave Robber (DsNe)                Turns: 1724, Time: 00:03:12

Health: -3/26      AC:  4    Str:  8    XL:     3   Next: 82%
Magic:  0/7        EV: 12    Int: 17    God:
Gold:   76         SH:  0    Dex: 13    Spells: 3/7 levels left

rFire    . . .     SeeInvis .   d - +0 dagger
rCold    + . .     Gourm    .   (no shield)
rNeg     . . .     Faith    .   a - +0 robe
rPois    .         Spirit   .   (no helmet)
rElec    .         Reflect  .   (no cloak)
rCorr    .         Harm     .   (no gloves)
MR       .....                  (no boots)
Stlth    ++........             (no amulet)
Regen    0.1/turn               (no ring)
MPRegen  0.1/turn               (no ring)

@: very slightly contaminated
A: molten scales 1, cold resistance 1
a: no special abilities


You were on level 2 of the Dungeon.
You were not hungry.

You visited 1 branch of the dungeon, and saw 2 of its levels.

You collected 76 gold pieces.

Inventory:

Hand Weapons
 d - a +0 dagger (weapon)
 h - a +0 falchion
Armour
 a - a +0 robe (worn)
Scrolls
 e - a scroll of remove curse {unknown}
 j - a scroll of amnesia {unknown}
 k - 2 scrolls of identify {unknown}
 l - a scroll of teleportation {unknown}
Potions
 f - a potion of curing {unknown}
 i - a potion of resistance {unknown}
 n - a potion of berserk rage {unknown}
Books
 b - a book of Necromancy

   Spells                             Type                      Level
   a - Pain                           Necromancy                   1
   b - Animate Skeleton               Necromancy                   1
   c - Vampiric Draining              Necromancy                   3
   d - Regeneration                   Charms/Necromancy            3
   e - Animate Dead                   Necromancy                   4
   f - Control Undead                 Necromancy                   4
Comestibles
 c - a bread ration
 g - a royal jelly
 m - a chunk of flesh


   Skills:
 * Level 1.1 Fighting
 + Level 0.3(0.4) Short Blades
 * Level 0.1(0.3) Long Blades
 + Level 1.9 Dodging
 + Level 2.0 Stealth
 + Level 2.6 Spellcasting
 + Level 5.0 Necromancy


You had 3 spell levels left.
You knew the following spells:

 Your Spells              Type           Power        Failure   Level  Hunger
a - Pain                  Necr           ###.         2%          1    #......
b - Vampiric Draining     Necr           ###.......   10%         3    ###....


Dungeon Overview and Level Annotations

Branches:
Dungeon (2/15)

Altars:


Innate Abilities, Weirdness & Mutations

You are partially covered in molten scales. (AC +2)
Your flesh is cold resistant. (rC+)


Message History

The worm writhes in agony!
You hit the worm.
The worm is severely wounded.
The worm bites you.
You are too injured to fight recklessly!
You are too injured to fight recklessly!
Casting: Pain
Confirm with . or Enter, or press ? or * to list all spells.
Aiming: Pain
Press: ? - help, Shift-Dir - straight line, f/p - worm
Aim: a worm (moderately wounded, chance to defeat MR: 84%)
The worm writhes in agony!
The worm bites you.
* * * LOW HITPOINT WARNING * * *
You hit the worm.
The worm is heavily wounded.
You hit the worm.
The worm is severely wounded.
The worm bites you!
You die...

#. #............#####
#.######.............###
#......'..#.....#..#...#
#....###..#...).#..#...#
#....# #..##...##.###...
#....# ##..#...#..#(#...
#.†..# #..##.##.##.##..
#....####...#.#..#...#..
#......@w...###.##...##.
########.....#..#.....#.
##....#..#†....#.
#.........).....
############.###


You could see a worm.

Vanquished Creatures
  An adder (D:2)
  3 oozes
  2 worms (D:2)
  A dart slug (D:2)
  2 leopard geckos
  2 giant cockroaches (D:1)
  6 goblins
  4 hobgoblins (D:1)
  A frilled lizard (D:1)
  3 kobolds (D:1)
  5 rats
30 creatures vanquished.

Notes
Turn   | Place    | Note
-------+----------+-------------------------------------------
     0 | D:1      | winWinterter the Demonspawn Necromancer began the quest for the Orb.
     0 | D:1      | Reached XP level 1. HP: 13/13 MP: 3/3
   381 | D:1      | Gained mutation: You are partially covered in molten scales. (AC +2) [demonic ancestry]
   381 | D:1      | Reached XP level 2. HP: 17/19 MP: 1/5
  1311 | D:2      | Gained mutation: Your flesh is cold resistant. (rC+) [demonic ancestry]
  1311 | D:2      | Reached XP level 3. HP: 22/25 MP: 1/6
  1405 | D:2      | Learned a level 3 spell: Vampiric Draining
  1476 | D:2      | Reached skill level 5 in Necromancy
  1593 | D:2      | Reached skill level 1 in Fighting
  1724 | D:2      | Slain by a worm

Vault maps used:
D:1:      dpeg_arrival_oval, serial_forest, infiniplex_forest_clump_tiny,
          infiniplex_forest_straight_4, infiniplex_forest_clump_tiny,
          infiniplex_forest_straight_5, infiniplex_forest_zigzag_1,
          infiniplex_forest_end_2, hangedman_decor_clover_reticule,
          serial_park_tiny_1
D:2:      minmay_unequal

Skill      XL: |  1  2  3 |
---------------+----------+-----
Necromancy     | 5 |  5.0
Stealth        | 2 |  2.0
Fighting       | 1 |  1.1
Short Blades   | |  0.3
Long Blades    | |  0.1
Dodging        | |  1.9
Spellcasting   | |  2.6

Action                   || total
-------------------------++-------
Melee: Dagger            ||    32
 Cast: Pain              ||    57
 Stab: Sleeping          ||     5
  Eat: Chunk             ||     3
Armor: Robe              ||     8
Dodge: Dodged            ||    20
